 Dungeon Crawl Stone Soup version 0.18.1-5-g4a78601 (webtiles) character file.

312 Northaan the Chopper (level 6, -1/57 HPs)
             Began as a Hill Orc Fighter on May 14, 2016.
             Killed from afar by Pikel (15 damage)
             ... with a wand of lightning
             ... on level 3 of the Dungeon.
             The game lasted 00:04:10 (2415 turns).

Northaan the Chopper (Hill Orc Fighter)             Turns: 2415, Time: 00:04:11

Health: -1/57      AC: 18    Str: 20    XL:     6   Next: 42%
Magic:  6/6        EV:  4    Int:  8    God:
Gold:   171        SH:  9    Dex: 11    Spells: 0 memorised, 5 levels left

rFire  . . .     SeeInvis .     a - +0 war axe
rCold  . . .     Gourm    .     n - +0 plate armour
rNeg   . . .     Faith    .     c - +0 shield
rPois  .         Spirit   .     (no helmet)
rElec  .         Dismiss  .     (no cloak)
rCorr  .         Reflect  .     s - +2 pair of gloves
SustAt .         Harm     .     (no boots)
MR     +....                    (no amulet)
Stlth  ..........               x - ring of protection from magic
                                B - +4 ring of protection

@: somewhat resistant to hostile enchantments, extremely unstealthy
A: no striking features
a: no special abilities


You were on level 3 of the Dungeon.
You were not hungry.

You visited 1 branch of the dungeon, and saw 4 of its levels.

You collected 171 gold pieces.

Inventory:

Hand Weapons
 a - a +0 war axe (weapon)
Armour
 b - a +0 scale mail
 c - a +0 shield (worn)
 n - a +0 plate armour (worn)
 r - a +0 chain mail
 s - a +2 pair of gloves (worn)
Jewellery
 l - an uncursed ring of wizardry
 x - a ring of protection from magic (right hand)
 B - a +4 ring of protection (left hand)
Scrolls
 e - 5 scrolls of identify {unknown}
 g - a scroll of teleportation {unknown}
 j - 3 scrolls of remove curse {unknown}
 p - a scroll of fog {unknown}
 q - 2 scrolls of blinking {unknown}
 u - a scroll of magic mapping {unknown}
 v - a scroll of fear {unknown}
 w - a scroll of recharging {unknown}
 y - 2 scrolls of noise {unknown}
 C - a scroll of enchant armour {unknown}
Potions
 d - a potion of might
 m - 3 potions of agility {unknown}
 o - a potion of curing {unknown}
 t - a potion of lignification {unknown}
 A - a potion of haste {unknown}
Comestibles
 f - 4 bread rations
 h - a meat ration
 i - a royal jelly
 k - 4 fruits


   Skills:
 + Level 5.7 Fighting
 * Level 6.4 Axes
 - Level 3.2 Armour
 + Level 1.4 Dodging
 + Level 0.3 Stealth
 - Level 3.2 Shields


You had 5 spell levels left.
You didn't know any spells.

Dungeon Overview and Level Annotations

Branches:
Dungeon (4/15)
 Temple: D:4-7

Altars:
Cheibriados

Annotations:
D:3 Pikel


Message History

Pikel freezes you.
You hit Pikel.
Pikel is heavily wounded.
Pikel zaps a wand.
The bolt of lightning hits you!
* * * LOW HITPOINT WARNING * * *
You are too injured to fight recklessly!
You are too injured to fight recklessly!
You are too injured to fight recklessly!
You are too injured to fight recklessly!
You are too injured to fight recklessly!
You are too injured to fight recklessly!
You are too injured to fight recklessly!
You are too injured to fight recklessly!
You are too injured to fight recklessly!
You are too injured to fight recklessly!
You are too injured to fight recklessly!
Your plate armour prevents you from hitting Pikel.
Pikel is heavily wounded.
Pikel zaps a wand.
The bolt of lightning hits you!
You die...

..#........####.......##..####.##
.....^...........#..#......###.##
.................##..).......#...
....#............###.............
.##..............##..............
.#####...........#..#............
.# ###...##.###.##.##............
####.....##........##.........(..
###<...#.##.....@..##...>........
.##..###..#....K...#)K...........
..#..# ##.#..........#...........
..)..# #..........(###.....##...
...### #..........## #########.#
..## #####.........# #.#
..####.............# #.#
..........#........# #..
.)...#....#..####### #..


You could see Pikel.

Vanquished Creatures
  The ghost of dysrexia the Insei, an amateur TeTm (D:3)
  4 slaves
  An ogre (D:4)
  A scorpion (D:3)
  An adder (D:3)
  An ooze (D:3)
  An adder skeleton (D:3)
  2 worms
  3 dart slugs
  A giant gecko (D:1)
  3 orcs (D:3)
  6 bats
  3 giant cockroaches
  7 goblins
  4 hobgoblins
  4 jackals (D:1)
  2 kobolds
  4 giant newts
  2 rats
51 creatures vanquished.

Notes
Turn   | Place    | Note
--------------------------------------------------------------
     0 | D:1      | Northaan the Hill Orc Fighter began the quest for the Orb.
     0 | D:1      | Reached XP level 1. HP: 19/19 MP: 1/1
   109 | D:1      | Reached skill level 3 in Axes
   202 | D:1      | Reached XP level 2. HP: 23/27 MP: 2/2
   745 | D:1      | Reached XP level 3. HP: 32/33 MP: 3/3
  1451 | D:3      | Noticed a scorpion
  1464 | D:3      | Killed a scorpion
  1464 | D:3      | Reached skill level 4 in Axes
  1464 | D:3      | Reached skill level 1 in Dodging
  1464 | D:3      | Reached XP level 4. HP: 36/41 MP: 4/4
  1501 | D:3      | Noticed dysrexia's ghost (amateur TeTm)
  1524 | D:3      | Killed dysrexia's ghost
  1524 | D:3      | Reached skill level 5 in Fighting
  1524 | D:3      | Reached skill level 5 in Axes
  1524 | D:3      | Reached XP level 5. HP: 19/48 MP: 5/5
  1873 | D:3      | Reached XP level 6. HP: 56/56 MP: 6/6
  2063 | D:3      | Found a snail-covered altar of Cheibriados.
  2104 | D:4      | Noticed a slave
  2108 | D:4      | Reached skill level 6 in Axes
  2111 | D:4      | Noticed a slave
  2118 | D:4      | Killed a slave
  2119 | D:4      | Killed a slave
  2131 | D:4      | Noticed a slave
  2132 | D:4      | Noticed Pikel
  2140 | D:4      | Noticed a slave
  2318 | D:2      | Killed a slave
  2329 | D:2      | Killed a slave
  2415 | D:3      | Killed from afar by Pikel

Skill      XL: |  1  2  3  4  5  6 |
---------------+-------------------+-----
Axes           | 3 4 5 6 |  6.4
Fighting       | 4 5 |  5.7
Dodging        | 1 |  1.4
Armour         | |  3.2
Stealth        | |  0.3
Shields        | |  3.2

Action                   |  1- 3 |  4- 6 || total
-------------------------+-------+-------++-------
Melee: War axe           |   107 |   119 ||   226
  Eat: Chunk             |     1 |     4 ||     5
Armor: Scale mail        |    13 |       ||    13
       Chain mail        |    36 |       ||    36
       Plate armour      |    16 |    83 ||    99
Dodge: Dodged            |    33 |    25 ||    58
Block: Shield            |    72 |    49 ||   121
